 Dungeon Crawl Stone Soup version 0.30-a0-765-g3161bf10a1 (webtiles) character file.

Game seed: 13612976769045462220

105655 Gargoyl the Severer (level 16, -4/110 HPs)
             Began as a Gargoyle Berserker on Feb 10, 2023.
             Was a Priest of Trog.
             Slain by a seven-headed hydra (5 damage)
             ... on level 15 of the Dungeon on Feb 12, 2023.
             The game lasted 00:39:55 (21524 turns).

Gargoyl the Severer (Gargoyle Berserker)           Turns: 21524, Time: 00:39:55

Health: -4/110     AC: 34    Str: 27    XL:     16   Next: 42%
Magic:  16/16      EV: 16    Int: 10    God:    Trog [***...]
Gold:   1484       SH:  9    Dex: 22    Spells: 15/15 levels left

rFire   + . .      SeeInvis .    Q - +2 scimitar (flame)
rCold   + + +      Faith    .    r - +2 buckler {rC+}
rNeg    + . .      Spirit   .    l - +0 chain mail of Beyond {rF+ Int+3 Dex+3}
rPois   ∞          Reflect  .    J - +0 helmet
rElec   +          Harm     .    m - +1 cloak
rCorr   .          Rampage  .    z - +0 pair of gloves
Will    +++..                    D - +2 pair of boots
Stlth   x                          - amulet of regeneration
HPRegen 2.18/turn                R - ring "Houva" {rElec rPois rC++ Dex+3 Stlth-}
MPRegen 0.15/turn                q - +5 ring of evasion

@: about to teleport, strong-willed, flying, regenerating, studying Throwing
A: sickness immunity, AC +12, big wings, negative energy resistance 1,
electricity resistance, torment resistance 1, petrification resistance, agile 1,
screaming 1, strong 1
a: Renounce Religion, Berserk, Trog's Hand


You were on level 15 of the Dungeon.
You worshipped Trog.
Trog was most pleased with you.
You visited 2 branches of the dungeon, and saw 20 of its levels.
You visited the Abyss 1 time.
You also visited: Sewer, Gauntlet and Ice Cave.

You collected 1776 gold pieces.
You spent 292 gold pieces at shops.

Inventory:

Hand Weapons
 a - a +7 hand axe
 c - a +7 antimagic war axe
 i - the +7 hand axe "Lenon" {speed, Int+4}
   (You found it on level 2 of the Dungeon)

   Int:       It affects your intelligence (+4).
 n - a +1 scimitar of flaming
 y - the +1 war axe "Xuimah" {holy, MP+9 Str+5}
   (You bought it in a shop on level 7 of the Dungeon)

   Str:       It affects your strength (+5).
   MP:        It affects your magic capacity (+9).
 F - the +4 spear of Plunder {freeze, *Rage Will+ SInv}
   (You found it on level 8 of the Dungeon)

   SInv:      It lets you see invisible.
   *Rage:     It berserks you when you make melee attacks (+20% chance).
   Will:      It increases your willpower.
 Q - a +2 scimitar of flaming (weapon)
Missiles
 j - 54 poisoned darts
 L - 8 curare-tipped darts (quivered)
Armour
 l - the +0 chain mail of Beyond (worn) {rF+ Int+3 Dex+3}
   (You found it on level 5 of the Lair of Beasts)

   Int:       It affects your intelligence (+3).
   Dex:       It affects your dexterity (+3).
   rF:        It protects you from fire.
 m - a +1 cloak (worn)
 r - a +2 buckler of cold resistance (worn)
 z - a +0 pair of gloves (worn)
 D - a +2 pair of boots (worn)
 J - a +0 helmet (worn)
 X - a +1 crystal plate armour
Jewellery
 o - the ring of the Evening {rF+ rN+ rCorr Dex+6}
   (You found it in an ice cave)

   [ring of dexterity]

   Dex:       It affects your dexterity (+6).
   rF:        It protects you from fire.
   rN:        It protects you from negative energy.
   rCorr:     It protects you from acid and corrosion.
 q - a +5 ring of evasion (right hand)
 s - an amulet of guardian spirit
 x - an amulet of regeneration (around neck)
 R - the ring "Houva" (left hand) {rElec rPois rC++ Dex+3 Stlth-}
   (You found it in a Gauntlet)

   [ring of poison resistance]

   Dex:       It affects your dexterity (+3).
   rC:        It greatly protects you from cold.
   rElec:     It insulates you from electricity.
   rPois:     It protects you from poison.
   Stlth:     It makes you less stealthy.
 W - an amulet of the acrobat
 Y - the ring of Dithmenos's Reproof {Int+3 Dex+6 Stlth+}
   (You found it in an ice cave)

   [ring of dexterity]

   Int:       It affects your intelligence (+3).
   Dex:       It affects your dexterity (+6).
   Stlth:     It makes you more stealthy.
Wands
 f - a wand of acid (10)
 p - a wand of polymorph (12)
 w - a wand of digging (5)
 H - a wand of flame (35)
 I - a wand of roots (24)
 M - a wand of mindburst (13)
Scrolls
 d - a scroll of blinking
 h - 17 scrolls of teleportation
 u - 4 scrolls of identify
 B - a scroll of summoning {unknown}
 K - 4 scrolls of enchant armour
 N - 2 scrolls of silence
 S - a scroll of fear
 T - a scroll of fog
Potions
 b - a potion of ambrosia
 e - 6 potions of might
 g - 4 potions of cancellation
 k - 9 potions of curing
 t - 8 potions of magic
 v - 6 potions of haste
 A - 3 potions of mutation
 G - 3 potions of resistance
 O - 2 potions of heal wounds


   Skills:
 + Level 16.2 Fighting
 + Level 1.3 Long Blades
 + Level 17.0 Axes
 + Level 1.8(11.2) Polearms
 + Level 1.9 Throwing
 + Level 14.7 Armour
 + Level 4.3 Dodging
 + Level 4.0 Stealth
 + Level 9.6 Shields
 + Level 1.0 Evocations


You had 15 spell levels left.
You didn't know any spells.
Your spell library was empty.

Dungeon Overview and Level Annotations

Branches:
Dungeon (15/15) Temple (0/1) D:7 Lair (5/5) D:9 Swamp (0/4) Lair:3 Spider (0/4) Lair:3 Slime (0/5) Lair:4 Orc (0/2) D:11 Vaults (0/5) D:13 D:14 Depths (0/4) D:15 Sewer (visited) IceCv (visited) Gauntlet (visited)

Altars:
Ashenzari
Elyvilon
Makhleb
Okawaru
Ru
Wu Jian
The Shining One
Jiyva

Shops:
D:4 (   D:7 ((   D:9 [   D:12 (


Innate Abilities, Weirdness & Mutations

You are immune to sickness and miasma.
Your stone body is resilient. (AC +12)
You are immune to poison.
Your large and strong wings let you fly.
You resist negative energy. (rN+)
You are resistant to electric shocks. (rElec)
You are resistant to unholy torment.
You are immune to petrification.
You are agile. (Dex +4, Str/Int -1)
You occasionally shout uncontrollably at your foes.
Your muscles are strong. (Str +4, Int/Dex -1)


Message History

The human closely misses the salamander.
The dire elephant attacks as you move away!
The dire elephant tramples you but does no damage.
The dire elephant barely misses you.
The human splashes around in the water.
The salamander closely misses the human.
The human barely misses the salamander.
The seven-headed hydra attacks as you move away!
You block the seven-headed hydra's attack.
The seven-headed hydra bites you but does no damage. x4
The seven-headed hydra bites you.
* * * LOW HITPOINT WARNING * * *
The seven-headed hydra closely misses you.
Your surroundings seem slightly different.
The human splashes around in the water.
The salamander hits the human with a +0 halberd!
The human dies!
The human hits the salamander but does no damage.
You block the seven-headed hydra's attack.
The seven-headed hydra bites you but does no damage.
You block the seven-headed hydra's attack.
The seven-headed hydra barely misses you.
The seven-headed hydra bites you but does no damage.
The seven-headed hydra bites you.
* * * LOW HITPOINT WARNING * * *
The seven-headed hydra bites you but does no damage.
There is an open door here.
As you read the scroll of teleportation, it crumbles to dust.
You feel strangely unstable.
The dire elephant completely misses you.
You block the dire elephant's attack.
You block the seven-headed hydra's attack.
The seven-headed hydra bites you!
* * * LOW HITPOINT WARNING * * *
The seven-headed hydra bites you!
* * * LOW HITPOINT WARNING * * *
The seven-headed hydra barely misses you. x2
The seven-headed hydra bites you!
* * * LOW HITPOINT WARNING * * *
The seven-headed hydra bites you.
You die...

#.##...#,..#,,* ##
#.##.≈.#.≈.#,,* ##
#.##...#...##**###~
#######.##....~...~*##~~~
*#~~~~~~~~..~~~~~~~~~#~~~~
*~~~~~~~~~~~~~~~~~~~~~~~~~
*~~~~~~~~~~~.p~~~~~~~#~#~~
*~~~~~....#.Np~~~~~#*#####
*~~~#####@#.....~~~.*
*###*#...YD....#~~#.*
#.........#,...****
#.........#,*..,,,*
#.........#,*,.,,,***
#.........#,**,,,,,,*
#$........#,**,,,,*,,
#........p#,**,******
#.........#,,,,* *


You could see a dire elephant, a seven-headed hydra and a neutral human
(wandering).

Vanquished Creatures
  A golden dragon (IceCv)
  A very ugly thing (D:13)
  Azrael (D:15)
  A great orb of eyes (D:15)
  4 hydras
  The ghost of Mlamla the Cleaver, a journeyman MeFi of Uskayaw (D:9)
  5 ice dragons (IceCv)
  A merfolk avatar (Lair:5)
  An ogre mage (D:15)
  4 centaur warriors
  A catoblepas (Lair:3)
  Erica (D:10)
  4 two-headed ogres
  An alligator (Lair:3)
  A boulder beetle (D:14)
  A death knight (D:13)
  4 death yaks (Lair:5)
  Urug (D:14)
  A tengu warrior (D:15)
  2 thrashing horrors (Abyss:2)
  Sonja (Lair:4)
  Amaemon (Lair:2)
  A wretched star (Abyss:2)
  2 skeletal warriors (D:13)
  2 skysharks (Lair:4)
  A sixfirhy (D:11)
  A sea snake (Lair:4)
  2 harpies (Lair:5)
  2 lindwurms (D:10)
  3 wizards
  An orange crystal statue (IceCv)
  2 deep elf pyromancers
  11 ugly things
  A moth of wrath (Gauntlet)
  2 cyclopes
  2 manticores
  A centaur zombie (D:9)
  A spectral centaur (D:9)
  7 elephants
  3 torpor snails
  An orange demon (Lair:2)
  11 cane toads
  A smoke demon (Abyss:2)
  4 storm dragon simulacra (IceCv)
  5 black mambas
  An unseen horror (D:11)
  An efreet (D:14)
  Maggie (Lair:2)
  6 komodo dragons
  2 kobold demonologists (D:14)
  5 rime drakes
  2 freezing wraiths
  6 golden dragon simulacra (IceCv)
  5 polar bears
  3 meliai (D:14)
  5 trolls
  4 hornets
  A tyrant leech (Gauntlet)
  31 blink frogs
  4 raiju (Abyss:2)
  A snapping turtle (Lair:5)
  4 centaur simulacra
  11 slime creatures
  4 water elementals (D:15)
  80 yaks
  7 wyverns
  4 fire elementals (D:15)
  15 humans
  3 basilisks
  4 steam dragons
  Grum (D:8)
  11 vampire mosquitoes
  An acid dragon (D:14)
  4 swamp worms (Gauntlet)
  16 water moccasins
  3 hell hounds (D:15)
  5 orc warriors
  4 ice dragon simulacra (IceCv)
  2 black bears
  3 ice beasts (D:15)
  A sky beast (D:5)
  2 ogres
  21 wolves
  9 centaurs
  A phantom (D:5)
  5 kobold brigands
  12 bullfrogs
  A gnoll sergeant (D:8)
  5 scorpions
  10 wights (D:8)
  7 lindwurm simulacra (IceCv)
  15 killer bees (D:9)
  2 electric eels (D:15)
  7 howler monkeys
  8 jellies
  4 orc priests
  Crazy Yiuf (D:2)
  6 hounds
  A boggart zombie (D:9)
  4 iguanas
  17 orc wizards
  7 hell rats (Lair:2)
  A small abomination (Abyss:2)
  11 gnolls
  15 adders
  5 river rats
  2 shadow imps
  9 white imps
  4 ufetubi
  7 worms
  2 dart slugs
  33 orcs
  8 endoplasms
  4 giant cockroaches
  6 goblins
  10 hobgoblins
  9 jackals
  6 quokkas
  9 ball pythons
  3 bats
  7 frilled lizards
  19 kobolds
  8 rats
690 creatures vanquished.

Vanquished Creatures (collateral kills)
  Kirke (D:15)
  A minotaur (Gauntlet)
  A centaur warrior (D:13)
  5 two-headed ogres (D:15)
  A skeletal warrior (D:13)
  2 lindwurms (D:10)
  3 elephants (Lair:1)
  A komodo dragon (Lair:1)
  2 yaks (Lair:1)
  An ogre (D:15)
  3 centaurs (D:13)
  An electric eel (D:15)
22 creatures vanquished.

Vanquished Creatures (others)
  A water elemental (D:15)
  A vampire mosquito (D:14)
  2 humans (D:15)
  2 orc wizards (D:6)
  An ufetubus (D:15)
  32 fungi
  75 plants
  2 withered plants (Lair:2)
116 creatures vanquished.

Grand Total: 828 creatures vanquished

Notes
Turn   | Place    | Note
-------+----------+-------------------------------------------
     0 | D:1      | Gargoyl the Gargoyle Berserker began the quest for the Orb.
     0 | D:1      | Reached XP level 1. HP: 14/14 MP: 1/1
    83 | D:1      | Reached XP level 2. HP: 17/19 MP: 2/2
   112 | D:1      | Reached skill level 3 in Axes
   426 | D:1      | Found a faded altar of an unknown god.
   607 | D:2      | Reached XP level 3. HP: 24/24 MP: 3/3
   730 | D:2      | Identified the +7 hand axe "Lenon" {speed, Int+4}
   751 | D:2      | Reached ** piety under Trog
  1012 | D:2      | Reached XP level 4. HP: 28/29 MP: 4/4
  1166 | D:2      | Found a runed translucent door.
  1167 | D:2      | Noticed Crazy Yiuf
  1175 | D:2      | Killed Crazy Yiuf
  1447 | D:3      | Reached skill level 4 in Axes
  1828 | D:3      | Reached XP level 5. HP: 33/33 MP: 5/5
  2531 | D:4      | Found Cilodige's Antique Weapon Shop.
  2554 | D:4      | Reached skill level 5 in Axes
  2554 | D:4      | Reached XP level 6. HP: 39/39 MP: 6/6
  2647 | D:4      | Found a glowing drain.
  2660 | D:4      | Reached skill level 1 in Stealth
  2681 | Sewer    | Entered a sewer
  2690 | Sewer    | Reached *** piety under Trog
  2818 | Sewer    | Reached XP level 7. HP: 44/44 MP: 7/7
  2882 | Sewer    | Reached skill level 6 in Axes
  3931 | D:5      | Entered Level 5 of the Dungeon
  4057 | D:5      | You fall into a shaft and drop 3 floors!
  4064 | D:7      | Found a staircase to the Ecumenical Temple.
  4065 | D:7      | Upgraded the game from 0.30-a0-758-gc2c871d025 to
                  | 0.30-a0-765-g3161bf10a1
  4153 | D:7      | Reached **** piety under Trog
  4154 | D:7      | Reached skill level 5 in Fighting
  4167 | D:6      | Reached XP level 8. HP: 49/49 MP: 8/8
  4190 | D:6      | Reached skill level 7 in Axes
  4203 | D:6      | Found an iron altar of Okawaru.
  4560 | D:5      | Reached skill level 8 in Axes
  4925 | D:6      | Found a glowing golden altar of the Shining One.
  4962 | D:6      | Found a broken altar of Ashenzari.
  5131 | D:6      | Identified the +3 short sword of Attainder {freeze, rC+
                  | Will+ Str+5 Int-3}
  5225 | D:6      | Reached XP level 9. HP: 50/55 MP: 9/9
  5372 | D:7      | Found Ruaki's Weapon Shop.
  5605 | D:7      | Reached skill level 9 in Axes
  5831 | D:7      | Reached skill level 5 in Armour
  5905 | D:7      | Found Muavoami's Antique Weapon Shoppe.
  5914 | D:7      | Bought a polished war axe for 229 gold pieces
  5914 | D:7      | Identified the +1 war axe "Xuimah" {holy, MP+9 Str+5} (You
                  | bought it in a shop on level 7 of the Dungeon)
  6413 | D:8      | Reached skill level 10 in Axes
  6597 | D:8      | Reached XP level 10. HP: 63/63 MP: 10/10
  6644 | D:8      | Noticed Grum
  6739 | D:8      | Killed Grum
  6901 | D:8      | Reached ***** piety under Trog
  7217 | D:8      | Identified the +4 spear of Plunder {freeze, *Rage Will+
                  | SInv}
  7255 | D:8      | Found a sacrificial altar of Ru.
  7257 | D:8      | Found a burning altar of Makhleb.
  7413 | D:9      | Found a staircase to the Lair.
  7437 | D:9      | Reached skill level 11 in Axes
  7492 | D:9      | Noticed a two-headed ogre
  7511 | D:9      | Killed a two-headed ogre
  7554 | D:9      | Reached skill level 1 in Shields
  7722 | D:9      | Found a runed translucent gate.
  7723 | D:9      | Found a runed translucent gate.
  7723 | D:9      | Found a runed translucent gate.
  7725 | D:9      | Noticed a spectral centaur warrior
  7727 | D:9      | Noticed Mlamla's ghost (journeyman MeFi)
  7775 | D:9      | Killed a spectral centaur warrior
  7776 | D:9      | Reached XP level 11. HP: 69/69 MP: 11/11
  7854 | D:9      | Found Ukigish's Armour Shop.
  7873 | D:9      | Bought a +0 helmet for 63 gold pieces
  8109 | D:9      | Found a white marble altar of Elyvilon.
  8640 | D:9      | Killed Mlamla's ghost
  8641 | D:9      | Reached skill level 12 in Axes
  8804 | D:10     | Entered Level 10 of the Dungeon
  8834 | Lair:1   | Entered Level 1 of the Lair of Beasts
  9644 | Lair:1   | Reached XP level 12. HP: 77/77 MP: 12/12
  9647 | Lair:1   | Reached skill level 10 in Armour
  9657 | Lair:1   | Reached skill level 13 in Axes
  9661 | Lair:1   | Reached skill level 10 in Fighting
 10379 | Lair:2   | Noticed Maggie
 10391 | Lair:2   | Killed Maggie
 10403 | Lair:2   | Noticed a seven-headed hydra
 10407 | Lair:2   | Noticed Amaemon
 10459 | Lair:1   | Killed a seven-headed hydra
 10654 | Lair:2   | Killed Amaemon
 10673 | Lair:2   | Reached skill level 14 in Axes
 10741 | Lair:2   | Reached XP level 13. HP: 62/84 MP: 13/13
 11598 | Lair:3   | Found a hole to the Spider Nest.
 11967 | Lair:3   | Found a staircase to the Swamp.
 12545 | Lair:3   | Reached skill level 1 in Throwing
 12545 | Lair:3   | Reached skill level 5 in Shields
 12589 | Lair:3   | Received a gift from Trog
 12672 | Lair:4   | Reached skill level 1 in Polearms
 12921 | Lair:4   | Noticed Sonja
 12931 | Lair:4   | Killed Sonja
 13083 | Lair:4   | Found a viscous altar of Jiyva.
 13083 | Lair:4   | Found a staircase to the Slime Pits.
 13135 | Lair:4   | Reached skill level 15 in Axes
 13135 | Lair:4   | Gained mutation: Your large and strong wings let you fly.
                  | [Gargoyle growth]
 13135 | Lair:4   | Reached XP level 14. HP: 69/92 MP: 14/14
 13331 | Lair:5   | Entered Level 5 of the Lair of Beasts
 13973 | Lair:5   | Reached skill level 1 in Evocations
 14035 | Lair:5   | Identified the +0 chain mail of Beyond {rF+ Int+3 Dex+3}
 14796 | D:11     | Found a runed translucent door.
 14800 | D:11     | Found a staircase to the Orcish Mines.
 14930 | D:10     | Found an ornate altar of the Wu Jian Council.
 15931 | D:10     | Identified the +1 leather armour of Rotation {Will+ Str+6}
 15956 | D:10     | Noticed Erica
 15992 | D:10     | Killed Erica
 17423 | D:12     | Received a gift from Trog
 17505 | D:12     | Found Moqy's Weapon Emporium.
 17558 | D:12     | Reached XP level 15. HP: 101/101 MP: 15/15
 18266 | D:13     | Gained mutation: You occasionally lose the ability to drink
                  | potions when taking damage. [potion of mutation]
 18266 | D:13     | Gained mutation: You have large cloven feet. [potion of
                  | mutation]
 18267 | D:13     | Lost mutation: You occasionally lose the ability to drink
                  | potions when taking damage. [potion of mutation]
 18267 | D:13     | Lost mutation: You have large cloven feet. [potion of
                  | mutation]
 18267 | D:13     | Gained mutation: You are agile. (Dex +4, Str/Int -1)
                  | [potion of mutation]
 18267 | D:13     | Gained mutation: You occasionally shout uncontrollably at
                  | your foes. [potion of mutation]
 18267 | D:13     | Gained mutation: Your muscles are strong. (Str +4, Int/Dex
                  | -1) [potion of mutation]
 18648 | D:13     | Reached skill level 1 in Long Blades
 18993 | D:14     | Noticed Urug
 18993 | D:14     | Found a gate to the Vaults.
 19050 | D:13     | Reached skill level 16 in Axes
 19133 | D:14     | Killed Urug
 19172 | D:14     | Reached skill level 15 in Fighting
 19241 | Abyss:2  | Cast into level 2 of the Abyss (a wizard)
 19439 | D:14     | Escaped the Abyss
 20237 | D:15     | Entered Level 15 of the Dungeon
 20351 | D:15     | Found a frozen archway.
 20406 | D:15     | Noticed Azrael
 20407 | D:15     | Found a gate leading to a gauntlet.
 20426 | D:15     | Killed Azrael
 20444 | D:15     | Reached XP level 16. HP: 102/109 MP: 16/16
 20454 | Gauntlet | Entered a Gauntlet
 20454 | Gauntlet | Found a transporter.
 20454 | Gauntlet | Found a transporter.
 20488 | Gauntlet | Found a transporter.
 20493 | Gauntlet | Found a transporter.
 20493 | Gauntlet | Found a transporter.
 20494 | Gauntlet | Found a transporter.
 20497 | Gauntlet | Identified the ring "Houva" {rElec rPois rC++ Dex+3 Stlth-}
 20524 | Gauntlet | Found a transporter.
 20524 | Gauntlet | Found a transporter.
 20531 | Gauntlet | Found a transporter.
 20531 | Gauntlet | Found a transporter.
 20543 | Gauntlet | Found a runed translucent door.
 20545 | Gauntlet | Found a runed translucent door.
 20571 | Gauntlet | Found a transporter.
 20598 | Gauntlet | Found a transporter.
 20708 | IceCv    | Entered an ice cave
 20991 | IceCv    | Noticed a golden dragon
 21013 | IceCv    | Killed a golden dragon
 21044 | IceCv    | Identified the ring of Dithmenos's Reproof {Int+3 Dex+6
                  | Stlth+}
 21051 | IceCv    | Identified the ring of the Evening {rF+ rN+ rCorr Dex+6}
 21449 | D:15     | Noticed Kirke
 21467 | D:15     | Killed Kirke
 21468 | D:15     | Reached skill level 17 in Axes
 21524 | D:15     | HP: 1/110 [seven-headed hydra (9)]
 21524 | D:15     | Slain by a seven-headed hydra

Illustrated notes

Levels and vault maps discovered:
D:1:      ebering_hopf_link, layout_basic,
          shapermc_ecumenical_altar_mp_highgroup
D:2:      layout_basic, minmay_tetromino_s2, uniq_crazy_yiuf_cottage
D:3:      wad_crossroads, layout_basic
D:4:      layout_loops_corners, serial_shops, nicolae_shop_crystal,
          portal_sewer_entry_a
D:5:      layout_gridville
D:6:      layout_rooms, mainiacjoe_overflow_six_doors_small,
          mainiacjoe_overflow_divided_tiny
D:7:      layout_basic, minmay_temple_entry_drinking_statues, serial_shops,
          nicolae_shop_bloodbath_and_beyond, nicolae_shop_crystal, minivault_5
D:8:      layout_rooms, nicolae_overflow_hidden_temple, uniq_grum
D:9:      layout_loops_ring, nicolae_elyvilon_peaceful_grove,
          david_lair_shrubbed, gammafunk_ghost_necromancy, serial_shops, shop
D:10:     layout_layer_cave, mainiacjoe_overflow_alcove_2, minivault_24,
          minmay_lindwurm_lava, uniq_erica
D:11:     cheibrodos_shockbox, layout_cave_pods, orc_0_dummy
D:12:     layout_basic, nicolae_stop_n_shop_2
D:13:     layout_long_grid
D:14:     layout_rooms, david_vaults_3, minmay_misc_feat_encased,
          grunt_ministairs_12
D:15:     hangedman_depths_entry_try_elsewhere_first, layout_basic, serial_ice,
          serial_ice_i, serial_ice_o, serial_ice_h, serial_ice_f,
          portal_ice_cave_entry_frozen_things, gauntlet_entry_generic,
          uniq_roxanne, uniq_kirke, uniq_azrael
Lair:1:   layout_regular_city
Lair:2:   layout_regular_city, pdpol_lair_neglected_garden, grunt_megastairs_5,
          uniq_maggie, uniq_amaemon
Lair:3:   layout_big_grid, swamp_mist, nicolae_spider_entry_non_spiders,
          nzn_random_ring
Lair:4:   layout_cave_shapes, nicolae_slime_entry_slimehenge,
          infiniplex_staircase_pool_2, uniq_sonja
Lair:5:   gammafunk_lair_ancient_temple, layout_regular_city,
          serial_bayou_shore_b

Skill      XL: |  1  2  3  4  5  6  7  8  9 10 11 12 13 14 15 16 |
---------------+-------------------------------------------------+-----
Axes           | 3 4 5 6 8 10 11 12 14 15 16 17 | 17.0
Dodging        | 2 3 4 |  4.3
Fighting       | 4 5 6 7 8 9 11 12 14 15 16 | 16.2
Stealth        | 1 2 3 4 |  4.0
Armour         | 3 4 6 8 9 11 12 13 14 | 14.7
Shields        | 1 2 4 5 6 8 9 |  9.6
Throwing       | 1 |  1.9
Polearms       | 1 |  1.8
Evocations     | 1 |  1.0
Long Blades    | 1 |  1.3

Action                     |  1- 3 |  4- 6 |  7- 9 | 10-12 | 13-15 | 16-18 || total
---------------------------+-------+-------+-------+-------+-------+-------++-------
  Melee: Hand axe          |   100 |   126 |   370 |   586 |  1359 |   257 ||  2798
         Punch             |     1 |       |     4 |       |       |       ||     5
         Spear             |       |       |       |    11 |    39 |       ||    50
         War axe           |       |       |       |       |    62 |       ||    62
         Scimitar          |       |       |       |       |    10 |     2 ||    12
  Throw: Dart              |       |       |       |     6 |    13 |       ||    19
 Invoke: Berserk           |       |     1 |     4 |     4 |    10 |     4 ||    23
         Trog's Hand       |       |     1 |     2 |     9 |    13 |     7 ||    32
         Brothers in Arms  |       |       |       |     3 |     3 |     3 ||     9
  Evoke: Wand              |       |       |       |       |     6 |       ||     6
    Use: Scroll            |     1 |       |    15 |    10 |    16 |     2 ||    44
         Potion            |       |       |       |     1 |     3 |     1 ||     5
   Stab: Distracted        |       |       |       |     2 |       |       ||     2
         Petrified         |       |       |       |       |     2 |       ||     2
 Armour: Animal skin       |    25 |     1 |       |       |       |       ||    26
         Plate armour      |       |    58 |   181 |   297 |   370 |       ||   906
         Chain mail        |       |       |       |       |   351 |   136 ||   487
  Dodge: Dodged            |    55 |    32 |   160 |   287 |   784 |   148 ||  1466
  Block: Buckler           |       |       |       |    74 |   340 |    72 ||   486

Table legend: (Time is in decaauts)
 A = Elapsed time spent in this place.
 B = Non-inter-level travel time spent in this place.
 C = Inter-level travel time spent in this place.
 D = Time resting spent in this place.
 E = Time spent auto-exploring this place.
 F = Levels seen in this place.
 G = Mean time per level.
                   A        B        C        D        E       F      G
               +--------+--------+--------+--------+--------+-----+--------+
         Total |  20356 |  19207 |   1149 |    487 |  14026 |  24 |  848.2 |
       Dungeon |  12950 |  12315 |    635 |    249 |   9417 |  15 |  863.3 |
          Lair |   5623 |   5109 |    514 |     95 |   3677 |   5 | 1124.6 |
         Abyss |    165 |    165 |      0 |      0 |     89 |   1 |  165.0 |
         Sewer |    866 |    866 |      0 |      0 |    626 |   1 |  866.0 |
      Ice Cave |    551 |    551 |      0 |    142 |    183 |   1 |  551.0 |
      Gauntlet |    199 |    199 |      0 |      0 |     33 |   1 |  199.0 |
               +--------+--------+--------+--------+--------+-----+--------+

Top non-repeatable levels by time:
     D:9: 1511 daAuts
  Lair:1: 1445 daAuts
    D:10: 1237 daAuts
  Lair:2: 1225 daAuts
     D:7: 1219 daAuts
  Lair:5: 1173 daAuts
  Lair:3: 1060 daAuts
     D:3: 996 daAuts
     D:4: 899 daAuts
    D:12: 877 daAuts
   Sewer: 866 daAuts
    D:14: 849 daAuts
    D:11: 844 daAuts
    D:13: 838 daAuts
     D:8: 804 daAuts
